 Dungeon Crawl Stone Soup version 0.15-b1-129-g6fffc38 (webtiles) character file.

89 JacquesDerrida the Skirmisher (level 4, -1/39 HPs)
             Began as a Demonspawn Wanderer on Aug 28, 2014.
             Slain by an ogre
             ... wielding a +0 giant club
              (5 damage)
             ... on Level 3 of the Dungeon.
             The game lasted 00:05:27 (1420 turns).

JacquesDerrida the Skirmisher (Demonspawn Wanderer) Turns: 1420, Time: 00:05:27

HP  -1/39        AC  9     Str 14      XL: 4   Next: 31%
MP   5/5         EV  8     Int 20      God:
Gold 98          SH  0     Dex 13      Spells:  1 memorised,  4 levels left

rFire  . . .     SeeInvis .     b - +0 mace
rCold  . . .     Clarity  .     a - +2 scale mail
rNeg   . . .     rCorr    .     (no shield)
rPois  .         rRot     .     (no helmet)
rElec  .         Spirit   .     o - +0 cloak
SustAb +         Warding  .     (no gloves)
rMut   .         Stasis   .     (no boots)
Gourm  .                        (no amulet)
MR     .....                    l - ring of sustain abilities
                                i - +3 ring of strength

@: brilliant, not resistant to hostile enchantments, extremely unstealthy
A: spiny 2
a: no special abilities


You were on level 3 of the Dungeon.
You were not hungry.

You visited 1 branch of the dungeon, and saw 4 of its levels.

You collected 98 gold pieces.

Inventory:

Hand weapons
 b - a +0 mace (weapon)
 h - a +0 hunting sling
Armour
 a - a +2 scale mail (worn)
 o - a +0 cloak (worn)
Comestibles
 c - 3 bread rations
Scrolls
 d - 2 scrolls of amnesia {unknown}
 e - a scroll of teleportation {unknown}
 f - 3 scrolls of fear {unknown}
 g - a scroll of fog {unknown}
 k - a scroll of random uselessness {unknown}
 m - a scroll of remove curse {unknown}
 n - a scroll of magic mapping {unknown}
Jewellery
 i - a +3 ring of strength (left hand)
 l - a ring of sustain abilities (right hand)


   Skills:
 - Level 5.0 Fighting
 + Level 1.0 Maces & Flails
 - Level 1.7 Armour
   Level 1.0 Shields
 - Level 1.0 Spellcasting
   Level 1.0 Conjurations
   Level 1.0 Air Magic
   Level 1.0 Evocations


You had 4 spell levels left.
You knew the following spells:

 Your Spells              Type           Power        Failure   Level  Hunger
a - Sandblast             Erth           ##....       19%         1    ##.....


Dungeon Overview and Level Annotations

Branches:
Dungeon (4/15)
 Temple: D:4-7

Altars:


Innate Abilities, Weirdness & Mutations

You are mostly covered in sharp spines.


Message History

You barely miss the ogre.
The ogre is moderately wounded.
The ogre hits you but does no damage.
You barely miss the ogre.
The ogre is moderately wounded.
The ogre closely misses you.
You hit the ogre but do no damage.
The ogre is moderately wounded.
The ogre hits you with a giant club!!
* * * LOW HITPOINT WARNING * * *
You hit the ogre.
The ogre is moderately wounded.
The ogre closely misses you.
You hit the ogre but do no damage.
The ogre is moderately wounded.
The ogre completely misses you.
You hit the ogre.
The ogre is heavily wounded.
The ogre hits you with a giant club.
You die...

# . # ..# . ... .###
### ...# ## #. #..
.... #. #.####
##.... ....
#.@O.##...# .....
####....# #..##
#...## ###....
#.#.######......
#..#.............
...###..#.........
..######>...#.......
?....O............).
.######....###......


You could see an ogre.

Vanquished Creatures
  Jessica (D:2)
  An adder (D:2)
  A giant mite (D:1)
  A giant gecko (D:1)
  An ooze (D:1)
  3 orcs (D:3)
  3 bats
  6 giant cockroaches
  6 goblins
  7 hobgoblins
  A jackal (D:1)
  6 kobolds
  3 quokkas
  2 giant newts
  8 rats
50 creatures vanquished.

Notes
Turn   | Place    | Note
--------------------------------------------------------------
     0 | D:1      | JacquesDerrida, the Demonspawn Wanderer, began the quest for the Orb.
     0 | D:1      | Reached XP level 1. HP: 18/18 MP: 2/2
    79 | D:1      | Gained mutation: You are partially covered in sharp spines. [demonic ancestry]
    79 | D:1      | Reached XP level 2. HP: 20/24 MP: 3/3
   198 | D:1      | Reached skill level 4 in Fighting
   374 | D:1      | Reached XP level 3. HP: 30/30 MP: 4/4
   921 | D:2      | Noticed Jessica
   925 | D:2      | Killed Jessica
   949 | D:2      | Gained mutation: You are mostly covered in sharp spines. [demonic ancestry]
   949 | D:2      | Reached XP level 4. HP: 30/38 MP: 5/5
   984 | D:2      | Reached skill level 5 in Fighting
  1369 | D:3      | Noticed an ogre
  1408 | D:3      | Reached skill level 1 in Maces & Flails
  1420 | D:3      | Slain by an ogre

Action                   |  1- 3 |  4- 6 || total
-------------------------+-------+-------++-------
Melee: Mace              |    99 |    53 ||   152
  Use: Potion            |       |     2 ||     2
  Eat: Chunk             |       |     2 ||     2
